MWL (24 & UNDER)
BARRY'S BAY ORIOLES @ LITTLE ROCK LEMMIWINKS
05/25/2028
 
TOP OF THE 1ST
Barry's Bay Orioles batting - Pitching for Little Rock Lemmiwinks : RHP José Antonio Peña
Pitching: RHP José Antonio Peña
Batting: SHB Emílio Calvillo 0-0: Ground out 4-3 (Groundball, 4)
Batting: SHB Terry Christian 0-0: Fly out, F7 (Flyball, 7)
Batting: RHB Jason Ward 0-0: Called Strike
0-1: Fly out, F8 (Line Drive, 8LM)
Top of the 1st over - 0 run(s), 0 hit(s), 0 error(s), 0 left on base; Barry's Bay 0 - Little Rock 0
BOTTOM OF THE 1ST
Little Rock Lemmiwinks batting - Pitching for Barry's Bay Orioles : RHP Carl Jones
Pitching: RHP Carl Jones
Batting: RHB Juan Trujillo 0-0: Ball
1-0: Ball
2-0: Ball
3-0: Base on Balls
Batting: LHB Dave Raines 0-0: Called Strike
0-1: Swinging Strike
0-2: Ball
1-2: Grounds into double play, 4-6-3 (Groundball, 34)
Batting: LHB Elvin Summers 0-0: Foul Ball, location: 2F
0-1: Swinging Strike
0-2: Strikes out looking
Bottom of the 1st over - 0 run(s), 0 hit(s), 0 error(s), 0 left on base; Barry's Bay 0 - Little Rock 0
TOP OF THE 2ND
Barry's Bay Orioles batting - Pitching for Little Rock Lemmiwinks : RHP José Antonio Peña
Batting: LHB T.J. Richardson 0-0: Called Strike
0-1: Swinging Strike
0-2: Strikes out swinging
Batting: RHB Troy González 0-0: Called Strike
0-1: Swinging Strike
0-2: Foul Ball, location: 2F
0-2: SINGLE (Groundball, 34D)
Batting: LHB Ryan Rheaume 0-0: Called Strike
0-1: Fielders Choice at 2nd, 3-6 (Groundball, 34)
Batting: SHB Garrett Waller 0-0: Ball
1-0: Called Strike
Throwing error on steal attempt, E2
Ryan Rheaume to third
1-1: Ball
2-1: Ball
3-1: Called Strike
3-2: Foul Ball, location: 2F
3-2: DOUBLE (Line Drive, 8RXD)
Ryan Rheaume scores
Batting: RHB Jake Erickson 0-0: Called Strike
0-1: Ball
1-1: Fly out, F6 (Line Drive, 6)
Top of the 2nd over - 1 run(s), 2 hit(s), 1 error(s), 1 left on base; Barry's Bay 1 - Little Rock 0
BOTTOM OF THE 2ND
Little Rock Lemmiwinks batting - Pitching for Barry's Bay Orioles : RHP Carl Jones
Batting: RHB Bill Bourland 0-0: Ball
1-0: Called Strike
1-1: Ball
2-1: Swinging Strike
2-2: Strikes out swinging
Batting: LHB Claudio Palácios 0-0: Called Strike
0-1: Ball
1-1: SINGLE (Groundball, 4MS) (infield hit)
Batting: SHB Juan Carlos González 0-0: Called Strike
0-1: Foul Ball, location: 2F
0-2: Fly out, F7 (Flyball, 7)
Batting: RHB Jack Crossey 0-0: Ball
1-0: Ball
2-0: Swinging Strike
2-1: Called Strike
2-2: Fly out, F7 (Flyball, 7)
Bottom of the 2nd over - 0 run(s), 1 hit(s), 0 error(s), 1 left on base; Barry's Bay 1 - Little Rock 0
TOP OF THE 3RD
Barry's Bay Orioles batting - Pitching for Little Rock Lemmiwinks : RHP José Antonio Peña
Batting: RHB Bill Pike 0-0: Ball
1-0: Swinging Strike
1-1: Swinging Strike
1-2: Ground out 6-3 (Groundball, 6)
Batting: SHB Emílio Calvillo 0-0: SINGLE (Groundball, 6MD)
Batting: SHB Terry Christian 0-0: Called Strike
0-1: Ball
1-1: Ball
2-1: Swinging Strike
2-2: Ball
3-2: Strikes out looking
Batting: RHB Jason Ward 0-0: Called Strike
Emílio Calvillo is caught stealing 2nd base
Top of the 3rd over - 0 run(s), 1 hit(s), 0 error(s), 0 left on base; Barry's Bay 1 - Little Rock 0
BOTTOM OF THE 3RD
Little Rock Lemmiwinks batting - Pitching for Barry's Bay Orioles : RHP Carl Jones
Batting: RHB Álex Martínez 0-0: SOLO HOME RUN (Flyball, 7D), Distance : 378 ft
Batting: RHB Álex Ochoa 0-0: Called Strike
0-1: Swinging Strike
0-2: SINGLE (Groundball, 6MD)
Batting: RHB Juan Trujillo 0-0: Ball
Álex Ochoa steals 2nd base
1-0: Ball
2-0: Ball
3-0: Base on Balls
Batting: LHB Dave Raines 0-0: Ball
1-0: Fly out, F6 (Popup, 6)
Batting: LHB Elvin Summers 0-0: Called Strike
0-1: Foul Ball, location: 2F
0-2: SINGLE (Line Drive, 4MD)
Álex Ochoa to third
Juan Trujillo to second
Runner from 3rd tries for Home, SAFE, no throw
Batting: RHB Bill Bourland 0-0: Called Strike
0-1: SINGLE (Groundball, 6MD)
Juan Trujillo to third
Elvin Summers to second
Batting: LHB Claudio Palácios 0-0: Ball
1-0: Swinging Strike
1-1: Called Strike
1-2: Fly out, F8 (Flyball, 78M)
Runner from 3rd tags up, SCORES, no throw
Batting: SHB Juan Carlos González 0-0: Ball
1-0: Foul Ball, location: 2F
1-1: Foul Ball, location: 2F
1-2: Foul Ball, location: 2F
1-2: Strikes out looking
Bottom of the 3rd over - 3 run(s), 4 hit(s), 0 error(s), 2 left on base; Barry's Bay 1 - Little Rock 3
TOP OF THE 4TH
Barry's Bay Orioles batting - Pitching for Little Rock Lemmiwinks : RHP José Antonio Peña
Batting: RHB Jason Ward 0-0: Ball
1-0: Ball
2-0: Foul Ball, location: 2F
2-1: Ball
3-1: Swinging Strike
3-2: Foul Ball, location: 2F
3-2: Foul Ball, location: 2F
3-2: Foul Ball, location: 2F
3-2: Base on Balls
Batting: LHB T.J. Richardson 0-0: Ball
1-0: Foul Ball, location: 2F
1-1: Called Strike
1-2: Foul Ball, location: 2F
1-2: Strikes out swinging
Batting: RHB Troy González 0-0: Swinging Strike
0-1: Ball
Jason Ward steals 2nd base
1-1: Swinging Strike
1-2: Fly out, F9 (Flyball, 9LS)
Batting: LHB Ryan Rheaume 0-0: Ball
1-0: Fly out, F7 (Flyball, 7)
Top of the 4th over - 0 run(s), 0 hit(s), 0 error(s), 1 left on base; Barry's Bay 1 - Little Rock 3
BOTTOM OF THE 4TH
Little Rock Lemmiwinks batting - Pitching for Barry's Bay Orioles : RHP Carl Jones
Batting: RHB Jack Crossey 0-0: Swinging Strike
0-1: Ground out 3-1 (Groundball, 34)
Batting: RHB Álex Martínez 0-0: Called Strike
0-1: Ball
1-1: Ball
2-1: Swinging Strike
2-2: Ball
3-2: Foul Ball, location: 2F
3-2: Strikes out swinging
Batting: RHB Álex Ochoa 0-0: Foul Ball, location: 2F
0-1: Foul Ball, location: 2F
0-2: Ball
1-2: Foul Ball, location: 2F
1-2: DOUBLE (Line Drive, 89D)
Batting: RHB Juan Trujillo 0-0: Called Strike
0-1: Called Strike
0-2: Foul Ball, location: 2F
0-2: Foul Ball, location: 2F
0-2: Ball
1-2: Ball
2-2: Strikes out swinging
Bottom of the 4th over - 0 run(s), 1 hit(s), 0 error(s), 1 left on base; Barry's Bay 1 - Little Rock 3
TOP OF THE 5TH
Barry's Bay Orioles batting - Pitching for Little Rock Lemmiwinks : RHP José Antonio Peña
Batting: SHB Garrett Waller 0-0: Ball
1-0: Foul Ball, location: 2F
1-1: SINGLE (Groundball, 4S) (infield hit)
Batting: RHB Jake Erickson 0-0: SINGLE (Groundball, 56S) (infield hit)
Garrett Waller to second
Batting: RHB Bill Pike 0-0: Called Strike
0-1: Ball
1-1: Ball
2-1: Swinging Strike
2-2: Strikes out swinging
Batting: SHB Emílio Calvillo 0-0: Ball
1-0: Ball
2-0: Foul Ball, location: 2F
2-1: Fly out, F6 (Popup, 6MD)
Batting: SHB Terry Christian 0-0: Fly out, F7 (Flyball, 7)
Top of the 5th over - 0 run(s), 2 hit(s), 0 error(s), 2 left on base; Barry's Bay 1 - Little Rock 3
BOTTOM OF THE 5TH
Little Rock Lemmiwinks batting - Pitching for Barry's Bay Orioles : RHP Carl Jones
Batting: LHB Dave Raines 0-0: Fly out, F7 (Flyball, 7)
Batting: LHB Elvin Summers 0-0: Called Strike
0-1: Ball
1-1: Foul Ball, location: 2F
1-2: Foul Ball, location: 2F
1-2: Ball
2-2: Ball
3-2: Fly out, F7 (Line Drive, 7)
Batting: RHB Bill Bourland 0-0: Ball
1-0: Ball
2-0: Ground out 6-3 (Groundball, 6)
Bottom of the 5th over - 0 run(s), 0 hit(s), 0 error(s), 0 left on base; Barry's Bay 1 - Little Rock 3
TOP OF THE 6TH
Barry's Bay Orioles batting - Pitching for Little Rock Lemmiwinks : RHP José Antonio Peña
Batting: RHB Jason Ward 0-0: Called Strike
0-1: Swinging Strike
0-2: Strikes out swinging
Batting: LHB T.J. Richardson 0-0: Called Strike
0-1: Ball
1-1: Ball
2-1: Ball
3-1: Foul Ball, location: 2F
3-2: Ground out 2-3 (Groundball, 15S)
Batting: RHB Troy González 0-0: Called Strike
0-1: Swinging Strike
0-2: Ball
1-2: Foul Ball, location: 2F
1-2: Foul Ball, location: 2F
1-2: Ball
2-2: Strikes out swinging
Top of the 6th over - 0 run(s), 0 hit(s), 0 error(s), 0 left on base; Barry's Bay 1 - Little Rock 3
BOTTOM OF THE 6TH
Little Rock Lemmiwinks batting - Pitching for Barry's Bay Orioles : RHP Carl Jones
Batting: LHB Claudio Palácios 0-0: Ball
1-0: Foul Ball, location: 2F
1-1: Ball
2-1: Ground out U3 (Groundball, 34)
Pitching: RHP A.J. Martin
Batting: SHB Juan Carlos González 0-0: Ball
1-0: Fly out, F4 (Popup, 4)
Batting: RHB Jack Crossey 0-0: Swinging Strike
0-1: Ball
1-1: Ball
2-1: Swinging Strike
2-2: Strikes out swinging
Bottom of the 6th over - 0 run(s), 0 hit(s), 0 error(s), 0 left on base; Barry's Bay 1 - Little Rock 3
TOP OF THE 7TH
Barry's Bay Orioles batting - Pitching for Little Rock Lemmiwinks : RHP José Antonio Peña
Pitching: RHP Ignacio Medina
Batting: LHB Ryan Rheaume 0-0: Called Strike
0-1: Fly out, F4 (Line Drive, 4)
Batting: SHB Garrett Waller 0-0: Ball
1-0: SINGLE (Groundball, 34D)
Batting: RHB Jake Erickson 0-0: Called Strike
0-1: Ball
1-1: Foul Ball, location: 2F
1-2: Strikes out looking
Batting: RHB Bill Pike 0-0: Ball
1-0: Called Strike
1-1: Swinging Strike
1-2: Strikes out swinging
Top of the 7th over - 0 run(s), 1 hit(s), 0 error(s), 1 left on base; Barry's Bay 1 - Little Rock 3
BOTTOM OF THE 7TH
Little Rock Lemmiwinks batting - Pitching for Barry's Bay Orioles : RHP A.J. Martin
Batting: RHB Álex Martínez 0-0: Ground out 5-3 (Groundball, 56)
Batting: RHB Álex Ochoa 0-0: Swinging Strike
0-1: Ball
1-1: Called Strike
1-2: Ball
2-2: Strikes out swinging
Batting: RHB Juan Trujillo 0-0: Fly out, F6 (Popup, 6D)
Bottom of the 7th over - 0 run(s), 0 hit(s), 0 error(s), 0 left on base; Barry's Bay 1 - Little Rock 3
TOP OF THE 8TH
Barry's Bay Orioles batting - Pitching for Little Rock Lemmiwinks : RHP Ignacio Medina
Batting: SHB Emílio Calvillo 0-0: Called Strike
0-1: Ball
1-1: Ball
2-1: Fly out, F7 (Flyball, 7S)
Batting: SHB Terry Christian 0-0: Ball
1-0: Foul Ball, location: 2F
1-1: Ball
2-1: DOUBLE (Line Drive, 78M)
Pitching: RHP Charles Palmeiro
Batting: RHB Jason Ward 0-0: Fly out, F8 (Flyball, 8RM)
Pitching: LHP Alberto Galindo
Batting: LHB T.J. Richardson 0-0: Ball
1-0: Called Strike
1-1: Foul Ball, location: 2F
1-2: Ball
2-2: Strikes out looking
Top of the 8th over - 0 run(s), 1 hit(s), 0 error(s), 1 left on base; Barry's Bay 1 - Little Rock 3
BOTTOM OF THE 8TH
Little Rock Lemmiwinks batting - Pitching for Barry's Bay Orioles : RHP A.J. Martin
Batting: LHB Dave Raines 0-0: Ball
1-0: Ball
2-0: Called Strike
2-1: Ball
3-1: Called Strike
3-2: SINGLE (Groundball, 34D)
Pitching: LHP Roberto Galaz
Batting: LHB Elvin Summers 0-0: Ball
1-0: Ball
2-0: Ball
3-0: Called Strike
3-1: Base on Balls
Dave Raines to second
Batting: RHB Bill Bourland 0-0: Swinging Strike
0-1: Ball
1-1: SINGLE (Line Drive, 6M)
Dave Raines to third
Elvin Summers to second
Pitching: LHP Bernardo Valero
Pinch Hitting: RHB Ánibal Soto 0-0: Called Strike
0-1: Ball
1-1: Swinging Strike
1-2: Grounds into fielders choice 5-2 (Groundball, 56)
Elvin Summers to third
Bill Bourland to second
Pinch Hitting: RHB Gustavo Medine 0-0: Ball
1-0: Called Strike
1-1: Ball
2-1: Called Strike
2-2: Ball
3-2: Foul Ball, location: 2F
3-2: Base on Balls
Elvin Summers scores
Bill Bourland to third
Ánibal Soto to second
Pinch Hitting: SHB Jorge Rodríguez 0-0: Ball
1-0: Ball
2-0: Ball
3-0: Called Strike
3-1: Foul Ball, location: 2F
3-2: SINGLE (Flyball, 9S)
Bill Bourland scores
Ánibal Soto to third
Gustavo Medine to second
Batting: RHB Álex Martínez 0-0: Ball
1-0: Foul Ball, location: 2F
1-1: Ball
2-1: Called Strike
2-2: Fielders Choice at 2nd, 5-4 (Groundball, 56)
Ánibal Soto scores
Gustavo Medine to third
Batting: RHB Álex Ochoa 0-0: Called Strike
0-1: Ball
1-1: Ground out 6-3 (Groundball, 6MS)
Bottom of the 8th over - 3 run(s), 3 hit(s), 0 error(s), 2 left on base; Barry's Bay 1 - Little Rock 6
TOP OF THE 9TH
Barry's Bay Orioles batting - Pitching for Little Rock Lemmiwinks : LHP Alberto Galindo
Pitching: RHP José Peña
Now at 1B: Darrel Lang
Now at 3B: Ánibal Soto
Now at SS: Lorenzo Féliz
Now in RF: Francisco Gonzáles
Batting: RHB Troy González 0-0: Called Strike
0-1: Ground out 5-3 (Groundball, 56)
Batting: LHB Ryan Rheaume 0-0: Called Strike
0-1: Ball
1-1: Foul Ball, location: 2F
1-2: Strikes out swinging
Batting: SHB Garrett Waller 0-0: Swinging Strike
0-1: Fly out, F9 (Flyball, 9S)
Top of the 9th over - 0 run(s), 0 hit(s), 0 error(s), 0 left on base; Barry's Bay 1 - Little Rock 6
Tuesday, August 8th, 2017 - OOTP Baseball 17.12 Build 75